AoeStats
← seanlin

Arena

508668925Analyzed
4v4 RM · 8d ago on Sep 23, 2026· 47m 25s· 8 players
Game mode
Random Map
Map size
Large (8 player)
Population
200
Speed
Normal
Resources
Standard
Victory
Conquest
Starting age
Dark Age
Ending age
Imperial Age
RankedLock teamsTeams togetherTeam positionsShared explorationLock speedFull tech treeHidden civsTurbo modeCheats
Victory
Defeat
🇳🇿 Bohemians · New Zealand
1096
+15
🇨🇱 Britons · Chile
1086
+15
🇪🇸 Hindustanis · Spain
1034
+18
🇲🇽 Turks · Mexico
1033
+18
🇫🇮 Romans · Finland
1177
-22
🇹🇼 Bulgarians · Taiwan
1097
-17
🇹🇼 Britons · Taiwan
1070
-16
🇹🇼 Franks · Taiwan
942
-11
EmmaZNZ
11:18 Feudal Age
12:02 Loom
14:54 Castle Age
13:21 Double-Bit Axe
21:18 Fervor
21:29 Sanctity
27:25 Bow Saw
28:46 Horse Collar
29:57 Wheelbarrow
29:51 Wagenburg Tactics
35:25 Imperial Age
37:49 Two-Man Saw
37:24 Conscription
37:01 Fletching
36:55 Pikeman
37:36 Squires
37:47 Forging
39:06 Chemistry
37:55 Halberdier
39:52 Scale Mail Armor
44:26 Chain Mail Armor
47:58 Iron Casting
47:46 Hand Cart
48:03 Heavy Plow
dse_dll
3:53 Loom
10:53 Feudal Age
15:15 Castle Age
28:16 Wheelbarrow
31:44 Imperial Age
30:55 Bloodlines
32:46 Conscription
33:40 Scale Barding Armor
33:48 Forging
39:59 Chain Barding Armor
40:14 Iron Casting
39:38 Horse Collar
45:03 Plate Barding Armor
45:29 Heavy Plow
45:03 Elite Janissary
46:52 Ballistics
46:36 Padded Archer Armor
46:26 Fletching
Calcetin
10:55 Feudal Age
12:38 Loom
15:23 Castle Age
14:06 Double-Bit Axe
14:05 Horse Collar
15:51 Wheelbarrow
16:01 Elite Skirmisher
16:21 Pikeman
19:26 Padded Archer Armor
23:43 Fletching
25:57 Gold Mining
26:35 Bodkin Arrow
26:56 Leather Archer Armor
36:15 Imperial Age
34:17 Stone Mining
41:28 Bow Saw
42:39 Chemistry
42:48 Ballistics
44:10 Ring Archer Armor
46:09 Two-Man Saw
45:46 Gold Shaft Mining
46:15 Bracer
Ace
5:12 Loom
11:19 Feudal Age
15:49 Castle Age
13:47 Horse Collar
15:56 Double-Bit Axe
20:30 Wheelbarrow
22:44 Gold Mining
22:44 Stone Mining
23:25 Bow Saw
29:18 Imperial Age
28:02 Hand Cart
27:54 Scale Barding Armor
27:59 Forging
28:41 Gold Shaft Mining
28:21 Husbandry
28:37 Bloodlines
28:41 Heavy Plow
30:43 Chain Barding Armor
31:29 Two-Man Saw
30:19 Heavy Camel Rider
33:23 Conscription
32:55 Imperial Camel Rider
34:43 Grand Trunk Road
34:44 Shatagni
41:03 Plate Barding Armor
41:03 Iron Casting
44:49 Fortified Wall
44:34 Murder Holes
44:44 Siege Engineers
44:50 Masonry
45:01 Ballistics
45:42 Chemistry
44:33 Pikeman
45:13 Squires
44:59 Arson
48:14 Stone Shaft Mining
seanlin
12:19 Feudal Age
12:35 Feudal Age
19:03 Castle Age
17:08 Double-Bit Axe
19:56 Bow Saw
28:27 Forging
35:12 Pikeman
39:38 Imperial Age
38:14 Scale Mail Armor
38:50 Iron Casting
44:09 Blast Furnace
43:24 Chain Mail Armor
42:40 Halberdier
43:42 Halberdier
Isaac_void
11:30 Feudal Age
12:43 Double-Bit Axe
15:23 Castle Age
14:02 Gold Mining
16:30 Bow Saw
18:49 Loom
19:46 Fletching
26:11 Wheelbarrow
35:05 Imperial Age
32:37 Town Watch
34:10 Bodkin Arrow
35:21 Murder Holes
WihtoriKosola
10:11 Feudal Age
14:47 Castle Age
13:34 Double-Bit Axe
13:47 Gold Mining
25:24 Ballistics
28:25 Fletching
29:28 Bow Saw
33:18 Wheelbarrow
37:20 Ballistas
40:13 Squires
39:35 Pikeman
brandon102372
11:15 Feudal Age
16:36 Castle Age
15:08 Double-Bit Axe
15:52 Horse Collar
16:35 Scale Barding Armor
17:12 Bloodlines
22:29 Chain Barding Armor
26:13 Redemption
26:33 Gold Mining
28:40 Husbandry
29:17 Bow Saw
29:09 Heavy Plow
29:37 Fervor
30:13 Gold Shaft Mining
30:22 Herbal Medicine
31:23 Wheelbarrow
33:54 Hand Cart
38:09 Imperial Age
38:17 Cavalier
39:38 Forging
39:33 Pikeman
39:59 Gambesons
40:15 Squires
40:01 Arson
40:18 Cavalier
45:28 Illumination
45:39 Theocracy
45:05 Light Cavalry
47:10 Theocracy
Connection lost

Rejoining the realm…

Still unreachable

The connection could not be restored.

Session expired

The server has moved on; the page needs a fresh start.